Map: Blackpink LE

Players

Humbledrum

  • Race: Zerg Zerg
  • League: Platinum
  • Spawn Location: 1:00

Quooo - Winner!

  • Race: Zerg Zerg
  • League: Platinum
  • Spawn Location: 7:00

VOD

Have the link to the VOD?

Description

Time

  • Played on: Nov. 20, 2017, 2:51 p.m.
  • Length: 5:40
Show
View Real Time Build Order
Export as new Build Order

Humbledrum Zerg 

Build Orders: Pool First 

Get SALT Encoding   

  12  0:01  Drone  
  13  0:12  Overlord  
  13  0:17  Drone  
  14  0:30  Drone  
  14  0:31  Drone  
  14  0:35  Drone  
  17  0:46  Spawning Pool  
  17  0:49  Drone  
  17  1:11  Hatchery  
  16  1:14  Drone  
  16  1:16  Extractor  
  16  1:19  Drone  
  16  1:23  Drone  
  18  1:33  Queen  
  20  1:40  Overlord  
  20  1:44  Drone  
  21  1:50  Drone  
  22  2:00  Zergling x2  
  23  2:14  Zergling x2  
  24  2:27  Queen  
  26  2:32  Zergling x2  
  27  2:44  Drone x6  
  28  2:45  Queen  
  28  2:49  Overlord  
  35  2:53  Baneling Nest  
  33  3:13  Zergling x2  
  33  3:14  Zergling x6  
  33  3:18  Queen  
  33  3:19  Drone x2  
  41  3:20  Drone  
  41  3:23  Drone  
  43  3:28  Overlord  
  43  3:37  Baneling x2  
  43  3:41  Drone  
  44  3:43  Overlord x2  
  44  3:47  Overlord  
  44  3:56  Drone  
  45  4:09  Drone x8  
  52  4:11  Queen  
  53  4:18  Spine Crawler  
  53  4:20  Zergling x4  
  54  4:29  Zergling x4  
  55  4:41  Zergling x4  
  32  4:53  Baneling  
  32  4:54  Baneling  
  32  4:57  Spine Crawler  
  31  5:02  Zergling x6  
  30  5:10  Zergling x2  
  30  5:11  Zergling x8  
  31  5:21  Roach Warren  
Show
View Real Time Build Order
Export as new Build Order

Quooo Zerg - Winner!

Build Orders: Hatch First 

Get SALT Encoding   

  12  0:02  Drone  
  13  0:14  Drone  
  14  0:36  Hatchery  
  14  0:38  Drone  
  14  0:57  Extractor  
  14  1:00  Spawning Pool  
  14  1:01  Drone  
  13  1:09  Overlord  
  13  1:25  Drone  
  14  1:40  Drone  
  15  1:51  Zergling x6  
  15  1:53  Queen  
  20  1:55  Drone  
  20  1:58  Drone  
  22  2:09  Zergling x2  
  22  2:11  Metabolic Boost  
  23  2:16  Zergling x2  
  23  2:18  Zergling x2  
  25  2:24  Overlord  
  25  2:39  Zergling x6  
  28  2:48  Zergling x4  
  30  2:52  Zergling x2  
  30  2:56  Zergling x2  
  32  3:02  Zergling x6  
  32  3:03  Zergling x2  
  35  3:19  Overlord  
  35  3:21  Zergling x2  
  35  3:22  Overlord  
  36  3:42  Zergling x8  
  36  3:46  Zergling x2  
  41  3:52  Zergling x8  
  45  4:09  Zergling x4  
  41  4:12  Zergling x2  
  42  4:19  Zergling x2  
  42  4:20  Zergling x2  
  42  4:23  Zergling x2  
  45  4:40  Zergling x2  
  45  4:41  Zergling x4  
  44  4:45  Zergling x2  
  44  4:51  Zergling x2  
  44  4:52  Zergling x2  
  43  4:55  Zergling x2  
  43  4:57  Zergling x2  
  43  4:59  Zergling x2  
  45  5:10  Zergling x2  
  45  5:11  Zergling x2  
  38  5:14  Zergling x2  
  38  5:18  Zergling x2  
Tags
 
Add a new tag
Caveats
  • Supply blocks, unpowered buildings, or Contaminate may cause inaccurate times.
  • Supply counts are checked every 10 seconds.